AoeStats
← wzd27

Oasis

509642522Analyzed
4v4 RM · 5d ago on Sep 27, 2026· 34m 28s· 8 players
Game mode
Random Map
Map size
Large (8 player)
Population
200
Speed
Normal
Resources
Standard
Victory
Conquest
Starting age
Dark Age
Ending age
Imperial Age
RankedLock teamsTeams togetherTeam positionsShared explorationLock speedFull tech treeHidden civsTurbo modeCheats
Victory
Defeat
🇨🇳 Persians · China
997
+18
🇦🇷 Burgundians · Argentina
990
+19
🇨🇳 Persians · China
979
+19
🇦🇷 Portuguese · Argentina
940
+21
🇩🇪 Lithuanians · Germany
1079
-20
🇭🇰 Byzantines · Hong Kong SAR China
1069
-20
🇭🇰 Khmer · Hong Kong SAR China
1035
-19
🇩🇪 Ethiopians · Germany
1006
-18
wzd27
2:04 Loom
15:35 Feudal Age
17:43 Horse Collar
17:52 Double-Bit Axe
22:55 Wheelbarrow
22:05 Town Watch
24:37 Padded Archer Armor
25:52 Fletching
27:36 Forging
27:28 Scale Mail Armor
27:42 Gold Mining
34:02 Castle Age
idle villager
11:32 Feudal Age
15:55 Castle Age
14:36 Double-Bit Axe
14:32 Horse Collar
17:01 Bow Saw
17:11 Heavy Plow
18:05 Wheelbarrow
24:14 Gold Mining
26:26 Gold Shaft Mining
25:42 Stone Mining
26:22 Loom
27:36 Stone Shaft Mining
30:11 Imperial Age
29:57 Padded Archer Armor
30:20 Ballistics
29:59 Fletching
31:35 Conscription
30:36 Elite Ballista Elephant
31:21 Double Crossbow
32:14 Leather Archer Armor
31:55 Bodkin Arrow
33:01 Chemistry
34:05 Ring Archer Armor
33:36 Bracer
34:50 Fortified Wall
香江七百萬大才子
2:17 Loom
11:19 Feudal Age
16:06 Castle Age
20:15 Scale Barding Armor
24:35 Horse Collar
26:58 Double-Bit Axe
34:55 Imperial Age
#Tsch
4:44 Loom
9:11 Feudal Age
9:47 Double-Bit Axe
17:14 Castle Age
15:51 Gold Mining
17:10 Stone Mining
19:12 Stone Shaft Mining
29:57 Imperial Age
30:01 Bow Saw
31:51 Masonry
AJ老师
0:26 Loom
13:40 Feudal Age
16:52 Horse Collar
19:33 Castle Age
18:57 Double-Bit Axe
21:24 Gold Mining
21:24 Stone Mining
27:56 Wheelbarrow
32:22 Imperial Age
31:21 Hand Cart
31:12 Heavy Plow
31:23 Bow Saw
31:50 Gold Shaft Mining
34:14 Stone Shaft Mining
33:20 Elite War Elephant
34:49 Bloodlines
34:39 Husbandry
34:00 Cavalier
Steven
11:57 Feudal Age
12:30 Double-Bit Axe
13:22 Wheelbarrow
13:30 Horse Collar
19:08 Castle Age
20:07 Hand Cart
20:08 Bow Saw
20:14 Heavy Plow
23:22 Scale Barding Armor
25:11 Bloodlines
25:01 Husbandry
30:26 Chain Barding Armor
30:17 Forging
TremendoManco
10:16 Feudal Age
10:41 Loom
15:22 Castle Age
14:37 Double-Bit Axe
17:13 Loom
17:30 Horse Collar
20:54 Gold Mining
22:41 Bow Saw
23:34 Wheelbarrow
23:15 Town Watch
29:25 Imperial Age
27:07 Scale Barding Armor
28:39 Two-Man Saw
27:52 Forging
28:29 Husbandry
30:21 Chain Barding Armor
31:13 Iron Casting
33:13 Conscription
CheLoco3552
11:36 Feudal Age
12:18 Horse Collar
12:26 Double-Bit Axe
14:26 Fletching
18:36 Padded Archer Armor
24:07 Castle Age
24:01 Gold Mining
24:17 Crossbowman
24:57 Bodkin Arrow
25:02 Stone Mining
28:14 Wheelbarrow
37:37 Imperial Age
Connection lost

Rejoining the realm…

Still unreachable

The connection could not be restored.

Session expired

The server has moved on; the page needs a fresh start.